 Dungeon Crawl Stone Soup version 0.28.0-47-ge53b351184 (webtiles) character file.

Game seed: 9513758890123251133

98 bobregger the Skirmisher (level 4, -2/50 HPs)
             Began as an Ogre Berserker on May 1, 2022.
             Was a Follower of Trog.
             Slain by a gnoll
             ... wielding a +0 halberd
              (7 damage)
             ... on level 3 of the Dungeon.
             The game lasted 00:02:13 (2719 turns).

bobregger the Skirmisher (Ogre Berserker)           Turns: 2719, Time: 00:02:14

Health: -2/50      AC:  3    Str: 20 (21) XL:     4   Next: 69%
Magic:  4/4        EV: 10    Int:  6 (8)  God:    Trog [*.....]
Gold:   112        SH:  0    Dex:  7 (10) Spells: 3/3 levels left

rFire   . . .      SeeInvis .   a - +0 mace
rCold   . . .      Faith    .   (no shield)
rNeg    . . .      Spirit   .   b - +0 animal skin
rPois   .          Reflect  .   (helmet restricted)
rElec   .          Harm     .   (no cloak)
rCorr   .          Rampage  .   (gloves unavailable)
Will    .....                   (boots unavailable)
Stlth   +.........              (no amulet)
HPRegen 0.16/turn               (no ring)
MPRegen 0.09/turn               (no ring)

@: on berserk cooldown, attractive, hasted and slowed
A: large, unfitting armour, tough skin 1
a: Renounce Religion, Berserk


You were on level 3 of the Dungeon.
You worshipped Trog.
Trog was aware of your devotion.
You visited 1 branch of the dungeon, and saw 3 of its levels.

You collected 112 gold pieces.

Inventory:

Hand Weapons
 a - a +0 mace (weapon)
Armour
 b - a +0 animal skin (worn)
Wands
 i - a wand of paralysis (7)
Scrolls
 f - a scroll of magic mapping {unknown}
 h - a scroll of holy word {unknown}
 j - 2 scrolls of vulnerability {unknown}
 m - a scroll of identify {unknown}
Potions
 d - a potion of berserk rage
 e - a potion of attraction
 k - 2 potions of heal wounds {unknown}
 l - a potion of brilliance {unknown}


   Skills:
 + Level 5.1 Fighting
 * Level 4.2 Maces & Flails
 - Level 2.6 Dodging


You had 3 spell levels left.
You didn't know any spells.
Your spell library was empty.

Dungeon Overview and Level Annotations

Branches:
Dungeon (3/15)

Altars:


Innate Abilities, Weirdness & Mutations

You are too large for most types of armour.
You have tough skin. (AC +1)


Message History

Trog accepts your kill. The gnoll closely misses you.
You see here a +0 club.
You closely miss the gnoll.
The gnoll hits you from afar with a +0 halberd.
The gnoll hits you with a +0 spear.
You completely miss the gnoll.
The gnoll hits you from afar with a +0 halberd!
The gnoll barely misses you.
You thump the gnoll!
You kill the gnoll!
Trog accepts your kill.
You are no longer berserk.
You are exhausted.
You feel yourself slow down.
The gnoll hits you from afar with a +0 halberd!
It was a potion of degeneration.
There was something very wrong with that liquid.
You feel weakened.
You feel dopey.
You feel clumsy. The gnoll misses you.
Okay, then.
It was a potion of berserk rage.
You're still recovering from your berserk rage.
The gnoll barely misses you.
The gnoll hits you from afar with a +0 halberd!
* * * LOW HITPOINT WARNING * * *
It was a potion of attraction.
You feel attractive to monsters. The gnoll barely misses you.
The gnoll is attracted toward you. x2
It was a potion of haste.
You feel yourself speed up. The gnoll hits you with a +0 halberd!
* * * LOW HITPOINT WARNING * * *
The gnoll hits you but does no damage. The gnoll barely misses you.
You hit the gnoll.
The gnoll is moderately wounded.
The gnoll barely misses you. x3
You barely miss the gnoll.
The gnoll is moderately wounded.
The gnoll hits you with a +0 halberd!
You die...

#.. #.##### .. #.#...# #.
#.#.#.###### #.#
#.#........# #..
#.###.####.# ####..## #.#
#.# #.# #......#####.#.#
#.# #.#
#.....>'.@gg§#.###.# #.#
#......#######.....####.##
#...........##............
#...........##.########.##
#...........##.# #.#
#####.........<# #.#
#......##### #.#
########## #.# ##...(...##
#.#


You could see 2 gnolls.

Vanquished Creatures
  2 gnolls (D:3)
  4 adders
  2 dart slugs (D:1)
  4 endoplasms
  A giant cockroach (D:3)
  3 goblins
  4 hobgoblins
  5 jackals
  4 kobolds
  3 ball pythons
  2 bats
  A frilled lizard (D:1)
  3 rats
38 creatures vanquished.

Notes
Turn   | Place    | Note
-------+----------+-------------------------------------------
     0 | D:1      | bobregger the Ogre Berserker began the quest for the Orb.
     0 | D:1      | Reached XP level 1. HP: 24/24 MP: 1/1
    62 | D:1      | Found a faded altar of an unknown god.
   803 | D:1      | Reached XP level 2. HP: 31/32 MP: 2/2
  1223 | D:2      | Reached XP level 3. HP: 27/40 MP: 3/3
  2359 | D:3      | Reached XP level 4. HP: 48/49 MP: 4/4
  2533 | D:3      | Reached skill level 5 in Fighting
  2719 | D:3      | Slain by a gnoll

Illustrated notes

Levels and vault maps discovered:
D:1:      eino_arrival_druids_welcome, layout_loops_corners,
          hellmonk_ecumenical_altar_heavens_door, minmay_unequal
D:2:      layout_rooms
D:3:      layout_basic, serial_shops, shop, kennysheep_cluttered_room,
          kennysheep_generic_room_8

Skill      XL: |  1  2  3  4 |
---------------+-------------+-----
Maces & Flails | 3 4 |  4.2
Fighting       | 5 |  5.1
Dodging        | |  2.6

Action                   |  1- 3 |  4- 6 || total
-------------------------+-------+-------++-------
Melee: Mace              |    84 |    38 ||   122
       Punch             |     1 |       ||     1
Invok: Berserk           |     1 |     2 ||     3
  Use: Potion            |       |     4 ||     4
 Stab: Sleeping          |     1 |       ||     1
Armor: Animal skin       |    40 |     8 ||    48
Dodge: Dodged            |    62 |    33 ||    95
